Map: King's Cove LE

Players

pta

  • Race: Zerg Zerg
  • Spawn Location: 5:00

VOD

Have the link to the VOD?

Description

Time

  • Played on: April 14, 2019, 11:33 a.m.
  • Length: 22:34
Show
View Real Time Build Order
Export as new Build Order

pta Zerg 

Build Orders:  

Get SALT Encoding   

  12  0:06  Drone  
  13  0:46  Spawning Pool  
  12  0:59  Extractor  
  11  1:02  Extractor  
  10  1:10  Overlord  
  10  1:12  Drone x2  
  12  1:26  Drone  
  13  1:42  Drone  
  14  2:14  Hatchery  
  13  2:30  Drone x2  
  13  2:31  Drone  
  16  2:54  Roach Warren  
  16  2:59  Drone  
  16  3:10  Drone  
  17  3:24  Queen  
  19  3:34  Zergling x2  
  19  3:37  Zergling x2  
  21  3:59  Overlord  
  21  4:18  Overlord  
  21  4:22  Lair  
  21  4:23  Drone  
  22  4:39  Roach  
  24  4:40  Roach  
  24  4:44  Roach  
  28  4:50  Zergling x2  
  28  4:55  Drone  
  28  4:59  Drone  
  31  5:16  Drone  
  32  5:46  Drone x3  
  35  5:51  Queen  
  37  6:01  Glial Reconstitution  
  37  6:09  Roach  
  39  6:10  Roach  
  39  6:13  Overlord  
  41  6:20  Roach  
  41  6:23  Zergling x2  
  44  6:41  Spine Crawler  
  44  6:45  Spine Crawler  
  42  6:52  Spine Crawler, Metabolic Boost  
  41  7:00  Drone x3  
  44  7:23  Overseer  
  44  7:44  Roach x2  
  44  7:45  Roach  
  44  7:46  Overlord  
  44  7:47  Overlord  
  50  7:50  Zergling x4  
  52  8:02  Evolution Chamber  
  52  8:06  Evolution Chamber  
  50  8:20  Overseer  
  50  8:32  Overlord x2  
  50  8:52  Zerg Ground Armor Level 1, Zerg Missile Weapons Level 1  
  50  9:09  Drone  
  51  9:10  Drone  
  51  9:11  Drone  
  51  9:14  Drone x2  
  55  9:21  Drone x2  
  53  9:38  Zergling x4  
  53  9:39  Zergling x4  
  57  9:53  Hydralisk Den  
  57  9:57  Spore Crawler  
  55  10:14  Spore Crawler  
  54  10:41  Hydralisk x4  
  54  10:43  Hydralisk  
  54  10:49  Roach  
  66  10:54  Roach  
  68  11:18  Drone x2  
  70  11:27  Extractor x2  
  68  11:35  Zerg Melee Weapons Level 1  
  68  11:50  Zerg Ground Armor Level 2  
  68  11:54  Drone x3  
  68  11:58  Drone x3  
  74  12:14  Unknown  
  74  13:03  Drone x2  
  74  13:04  Drone  
  74  13:05  Overlord x2  
  74  13:06  Overlord x2  
  77  13:40  Hydralisk x2  
  77  13:41  Hydralisk x3  
  77  13:42  Hydralisk  
  77  13:44  Roach x2  
  77  13:45  Roach  
  95  13:50  Roach  
  95  13:56  Unknown  
  65  14:24  Hydralisk x2  
  65  14:25  Hydralisk x3  
  69  14:38  Zerg Missile Weapons Level 2  
  69  14:57  Pneumatized Carapace  
  69  15:21  Tunneling Claws  
  69  15:26  Burrow  
  69  16:08  Hydralisk x2  
  69  16:09  Hydralisk x4  
  81  16:10  Hydralisk x2  
  81  16:11  Hydralisk x2  
  81  16:18  Overlord  
  81  16:19  Overlord  
  89  16:46  Zergling x2  
  89  16:47  Zergling x8  
  78  17:57  Hydralisk x2  
  78  17:58  Hydralisk x9  
  65  18:36  Zergling x8  
  65  18:37  Zergling x8  
  69  19:00  Hydralisk x5  
  69  19:03  Zergling x2  
Tags
 
Add a new tag
Caveats
  • Supply blocks, unpowered buildings, or Contaminate may cause inaccurate times.
  • Supply counts are checked every 10 seconds.